 Dungeon Crawl Stone Soup version 0.24.0-123-gd5b16e6ec5 (webtiles) character file.

Game seed: 11081980515032686466, levelgen mode: deterministic

36664 vurker the Zephyrmancer (level 13, -2/60 HPs)
             Began as a Felid Air Elementalist on Feb 3, 2020.
             Was an Elder of Vehumet.
             Slain by a skeletal warrior
             ... wielding a +1 long sword
             ... led by a skeletal warrior
              (25 damage)
             ... on level 13 of the Dungeon.
             The game lasted 01:07:15 (49189 turns).

vurker the Zephyrmancer (Felid Air Elementalist)   Turns: 49189, Time: 01:07:16

Health: -2/60      AC:  3    Str: 15    XL:     13   Next: 54%
Magic:  7/30       EV: 26    Int: 21    God:    Vehumet [****..]
Gold:   1304       SH:  0    Dex: 17    Spells: 16/36 levels left
                                        Lives:  0   Deaths: 3

rFire    . . .     SeeInvis +   (weapon unavailable)
rCold    + . .     Gourm    .   (shield unavailable)
rNeg     + . .     Faith    .   (armour unavailable)
rPois    +         Spirit   .   (helmet unavailable)
rElec    .         Reflect  .   (cloak unavailable)
rCorr    .         Harm     +   (gloves unavailable)
MR       ++...                  (boots unavailable)
Stlth    +++++.....             m - amulet of harm
HPRegen  0.20/turn              G - ring of Music {+Blink rN+ Str+3 Slay+2}
MPRegen  0.22/turn              I - ring "Tyops" {*Drain rPois MR+ Str+8}

@: quick
A: very small, no armour, no weapons or thrown items, stealth, claws 1, fangs 3,
see invisible, carnivore, speed 1, shaggy fur 3, slow metabolism 1, sharp paws
a: Renounce Religion, Evoke Blink


You were on level 13 of the Dungeon.
You worshipped Vehumet.
Vehumet was greatly pleased with you.
You were not hungry.

You visited 4 branches of the dungeon, and saw 23 of its levels.

You collected 3068 gold pieces.
You spent 1764 gold pieces at shops.

Inventory:

Jewellery
 m - an amulet of harm (around neck)
   (You found it on level 3 of the Dungeon)
 G - the ring of Music (left paw) {+Blink rN+ Str+3 Slay+2}
   (You found it on level 6 of the Lair of Beasts)

   [ring of positive energy]

   It affects your strength (+3).
   It affects your accuracy and damage with ranged weapons and melee attacks
   (+2).
   It protects you from negative energy.
   It lets you blink.
 H - an uncursed ring of resist corrosion
   (You found it on level 6 of the Lair of Beasts)
 I - the ring "Tyops" (right paw) {*Drain rPois MR+ Str+8}
   (You acquired it on level 2 of the Orcish Mines)

   [ring of poison resistance]

   It affects your strength (+8).
   It protects you from poison.
   It affects your resistance to hostile enchantments.
   It causes draining when unequipped.
Wands
 c - a wand of disintegration (4)
   (You found it on level 6 of the Lair of Beasts)
 d - a wand of iceblast (18)
   (You found it on level 11 of the Dungeon)
 i - a wand of scattershot (3)
   (You took it off an orc on level 8 of the Dungeon)
 t - a wand of flame (39)
   (You found it on level 14 of the Dungeon)
 v - a wand of digging (11)
   (You found it on level 1 of the Lair of Beasts)
 x - a wand of acid (8)
   (You found it on level 14 of the Dungeon)
 B - a wand of clouds (11)
   (You found it on level 5 of the Lair of Beasts)
 K - a wand of enslavement (9)
   (You found it on level 6 of the Lair of Beasts)
Scrolls
 f - 2 scrolls of fog {unknown}
 j - a scroll of torment {unknown}
 p - 5 scrolls of amnesia
 q - 11 scrolls of remove curse
 r - 2 scrolls of blinking {unknown}
 z - a scroll of random uselessness {unknown}
 A - 2 scrolls of magic mapping {unknown}
 C - a scroll of brand weapon {unknown}
 D - 8 scrolls of teleportation
 E - a scroll of vulnerability {unknown}
Potions
 a - 10 potions of curing
 b - 3 potions of flight
 g - 5 potions of haste
 h - 3 potions of cancellation
 k - 4 potions of lignification
 l - 2 potions of invisibility
 n - a potion of magic
 o - 4 potions of heal wounds
 s - a potion of brilliance
 y - 3 potions of resistance
 F - 2 potions of mutation
Miscellaneous
 u - a phantom mirror
Comestibles
 e - 34 rations


   Skills:
 + Level 9.3 Fighting
 - Level 10.2 Dodging
 - Level 10.0 Stealth
 * Level 12.2 Spellcasting
 * Level 12.1 Conjurations
 * Level 12.3 Air Magic
 + Level 6.9 Evocations


You had 16 spell levels left.
You knew the following spells:

 Your Spells              Type           Power        Failure   Level  Hunger
a - Orb of Destruction    Conj           ######....   9%          7    #######
b - Lightning Bolt        Conj/Air       ######....   1%          5    ####...
c - Airstrike             Air            ######....   1%          4    None
x - Summon Lightning Spi  Summ/Air       #####...     4%          4    None

Your spell library contained the following spells:

 Spells                   Type           Power        Failure   Level  Hunger
 Ozocubu's Refrigeration  Ice            ##........   86%         6    #####..
 Flame Tongue             Conj/Fire      #####        1%          1    None
 Shock                    Conj/Air       ####         1%          1    None
 Swiftness                Chrm/Air       #####...     1%          2    None
 Static Discharge         Conj/Air       ######..     1%          3    None
 Stone Arrow              Conj/Erth      #####.       1%          3    None
 Beastly Appendage        Tmut           ##....       5%          1    None
 Confusing Touch          Hex            ##....       5%          1    None
 Summon Butterflies       Summ           ##......     5%          1    None
 Summon Small Mammal      Summ           ##..         5%          1    None
 Call Imp                 Summ           ##......     8%          2    None
 Sticks to Snakes         Tmut           ##......     8%          2    None
 Call Canine Familiar     Summ           ##......     16%         3    None
 Confuse                  Hex            ##......     16%         3    None
 Gell's Gravitas          Tloc           ##........   16%         3    None
 Recall                   Summ/Tloc      N/A          16%         3    None
 Spider Form              Tmut/Pois      ##........   16%         3    None
 Summon Guardian Golem    Hex/Summ       ##......     16%         3    None
 Yara's Violent Unravell  Hex/Tmut       ##........   34%         5    ####...
 Animate Dead             Necr           N/A          45%         4    None
 Ice Form                 Ice/Tmut       ##......     45%         4    None
 Petrify                  Tmut/Erth      ##......     45%         4    None
 Summon Ice Beast         Ice/Summ       ##......     45%         4    None
 Blade Hands              Tmut           ##........   82%         5    ####...
 Borgnjor's Vile Clutch   Necr/Erth      ##........   82%         5    ####...
 Metabolic Englaciation   Hex/Ice        ##........   82%         5    ####...
 Summon Mana Viper        Hex/Summ       ##......     82%         5    ####...
 Death Channel            Necr           ##........   100%        6    #####..
 Simulacrum               Ice/Necr       ##........   100%        6    #####..
 Summon Hydra             Summ           ##........   100%        7    #######


Dungeon Overview and Level Annotations

Branches:
Dungeon (14/15)            Temple (1/1) D:5            Lair (6/6) D:10
  Swamp (0/4) Lair:2        Snake (0/4) Lair:3        Slime (0/5) Lair:5
    Orc (2/2) D:12            Elf (0/3) Orc:2        Vaults (0/5) D:13

Altars:
Ashenzari
Cheibriados
Dithmenos
Elyvilon
Fedhas
Gozag
Hepliaklqana
Kikubaaqudgha
Makhleb
Nemelex Xobeh
Okawaru
Sif Muna
Trog
Uskayaw
Vehumet
Wu Jian
Xom
Yredelemnul
Zin
The Shining One
Jiyva

Shops:
D:5 %   D:12 *(   Orc:2 ([*[}(:

Annotations:
D:5 1 runed translucent door, jombi's ghost, novice DsWz
D:7 2 runed translucent doors, exclusion: orange crystal statue
Lair:5 1 runed translucent door
Orc:2 2 transporters, coffeespoons's ghost, journeyman TrMo


Innate Abilities, Weirdness & Mutations

You cannot wear armour.
You are incapable of wielding weapons or throwing items.
Your paws allow you to move quietly. (Stealth)
You have sharp claws.
You have razor-sharp teeth.
You have supernaturally acute eyesight. (SInv)
You are carnivorous and can eat meat at any time.
You cover ground quickly.
Your thick and shaggy fur keeps you warm. (AC +3, rC+)
You have a slow metabolism.
Your sharp claws are effective at attacking unaware monsters.


Message History

There is a stone staircase leading down here.
You start resting.
You climb downwards.
There is a stone staircase leading up here.
The skeletal warrior is too close now for your liking.
Aim: a skeletal warrior, wielding a +0 short sword (hasn't noticed you)
The air twists around and strikes the skeletal warrior but does no damage.
Aim: a skeletal warrior, wielding a +0 short sword The air twists around and strikes the skeletal warrior.
Aim: a skeletal warrior, wielding a +0 short sword (lightly damaged)
The air twists around and strikes the skeletal warrior but does no damage.
Aim: a skeletal warrior, wielding a +0 short sword
Aim: a skeletal warrior, wielding a +0 short sword (almost destroyed)
The wavering orb of destruction hits the skeletal warrior!!
You blow up the skeletal warrior!
Vehumet accepts your kill.
You don't have enough magic to cast that spell.
Aim: a skeletal warrior, wielding a +0 long sword The orb of destruction hits the skeletal warrior!!!
You don't have enough magic to cast that spell.
There is a stone staircase leading up here.
The skeletal warrior is too close now for your liking.
You climb upwards.
There is a stone staircase leading down here.
You start resting.
You climb downwards.
The skeletal warrior hits you with a +0 long sword!
There is a stone staircase leading up here.
Aim: a skeletal warrior, wielding a +0 long sword The wavering orb of destruction weakly hits the skeletal warrior!!
The skeletal warrior misses you.
Aim: a skeletal warrior, wielding a +0 long sword (heavily damaged)
The wavering orb of destruction weakly hits the skeletal warrior!!
The skeletal warrior hits you with a +0 long sword!
Aim: a skeletal warrior, wielding a +0 long sword (almost destroyed)
The wavering orb of destruction weakly hits the skeletal warrior!!
You blow up the skeletal warrior!
Vehumet accepts your kill.
You feel your power returning.
The skeletal warrior is too close now for your liking.
Aim: a skeletal warrior, wielding a +1 long sword The wavering orb of destruction hits the skeletal warrior!!
You don't have enough magic to cast that spell.
The skeletal warrior hits you with a +1 long sword!
* * * LOW HITPOINT WARNING * * *
You climb upwards.
There is a stone staircase leading down here.
Unknown command.
The skeletal warrior hits you with a +1 long sword!!
You die...

......## #.)<....# ###....
...#[..####.......#########....(.
####.#...##............[##..##[.#
# ##.###..#.......#####....###..#
# #....##.#.......##..^..........
###....##.######.....#####....(..
.##....(.........###..........[.#
..#....##.#######z...#.)...###.##
#.#..).##.####..@>####.##### #.#
#..#).....)...(#####...# #.##
...[(#########(#####)#########.#.
.....## #..##...............
......# ##.##.....######(###
##....## #...|....# #.# #.....##
#######...)..# #.#
#......###...(((......# #.#
##....#........[<......######.##


You could see a skeletal warrior.

Vanquished Creatures
  Kirke (Lair:5)
  An orc warlord (Orc:1)
  Fannar (D:10)
  8 hydras
  2 centaur warriors (D:13)
  A catoblepas (Lair:2)
  2 dancing weapons
  3 orc high priests
  3 two-headed ogres
  A tengu warrior (D:14)
  3 skeletal warriors (D:14)
  2 unseen horrors
  5 orc knights
  8 ugly things
  3 oklob plants (Lair:6)
  4 orc sorcerers
  3 cyclopes (D:13)
  6 elephants
  A centaur zombie (D:13)
  2 guardian serpents (D:14)
  2 manticores
  A black mamba (Lair:3)
  3 gargoyles
  A rime drake (Lair:6)
  29 spiny frogs
  4 komodo dragons
  2 ice devils (Lair:6)
  A merfolk (D:9)
  3 meliai (D:13)
  4 tyrant leeches (Lair:6)
  6 trolls
  A tengu conjurer (D:14)
  2 bog bodies (Lair:2)
  6 dream sheep
  15 blink frogs
  11 hippogriffs
  2 meliai zombies (D:13)
  A water elemental (D:14)
  A vampire (D:12)
  A wraith (D:13)
  A basilisk (Lair:3)
  3 wyverns
  31 yaks
  3 hogs (Lair:5)
  2 hungry ghosts
  6 vampire mosquitoes
  A warg (Orc:2)
  13 water moccasins
  4 nagas (Lair:3)
  A soldier ant (D:13)
  An acid dragon (D:13)
  Duvessa (D:4)
  27 orc warriors
  3 ice beasts
  7 porcupines
  6 sky beasts
  2 black bears
  An eye of draining (D:10)
  A hornet zombie (D:7)
  2 necrophages
  7 wolves
  17 ogres
  18 centaurs
  8 crocodiles
  A big kobold (D:8)
  A gnoll sergeant (D:13)
  26 bullfrogs
  A wyvern zombie (D:11)
  5 scorpions
  2 wyvern skeletons
  Dowan (D:4)
  12 killer bees
  16 wights
  6 howler monkeys
  4 electric eels
  7 crimson imps
  A bullfrog zombie (D:8)
  2 quasits
  4 jellies
  9 hounds
  21 orc wizards
  14 orc priests
  2 bullfrog skeletons
  2 centaur skeletons
  7 iguanas
  8 worker ants
  4 hound skeletons
  A worker ant zombie (D:5)
  10 adders
  5 gnolls (D:13)
  2 shadow imps
  2 oozes
  An adder zombie (D:6)
  An adder skeleton (D:4)
  A worm (D:4)
  2 dart slugs
  6 leopard geckos
  67 orcs
  6 bats
  5 giant cockroaches
  5 goblins
  7 hobgoblins
  3 jackals (D:1)
  6 kobolds
  4 quokkas
  2 ball pythons (D:3)
  A frilled lizard (D:3)
  A giant cockroach zombie (D:6)
  A leopard gecko zombie (D:6)
  9 rats
626 creatures vanquished.

Vanquished Creatures (collateral kills)
  A troll (Orc:1)
  A warg (Orc:1)
  3 orc warriors (Orc:2)
  An ogre (Orc:1)
  An orc priest (Orc:2)
  An orc (Orc:2)
8 creatures vanquished.

Vanquished Creatures (others)
  An ogre (D:13)
  A bush (Lair:6)
  19 fungi
  63 plants
84 creatures vanquished.

Grand Total: 718 creatures vanquished

Notes
Turn   | Place    | Note
-------+----------+-------------------------------------------
     0 | D:1      | vurker the Felid Air Elementalist began the quest for the
                  | Orb.
     0 | D:1      | Reached XP level 1. HP: 7/7 MP: 4/4
    94 | D:1      | Reached skill level 1 in Conjurations
   454 | D:1      | Reached XP level 2. HP: 12/12 MP: 3/6
   968 | D:1      | Reached XP level 3. HP: 15/15 MP: 1/7
  2011 | D:2      | Noticed a bullfrog
  2022 | D:2      | Killed a bullfrog
  2022 | D:2      | Reached skill level 1 in Fighting
  2022 | D:2      | Reached XP level 4. HP: 19/19 MP: 2/9
  2603 | D:2      | Found a basalt altar of Yredelemnul.
  3018 | D:3      | Reached XP level 5. HP: 22/22 MP: 7/10
  3025 | D:3      | Learned a level 5 spell: Lightning Bolt
  3030 | D:3      | Learned a level 4 spell: Airstrike
  3223 | D:3      | Noticed an ogre
  3260 | D:3      | Killed an ogre
  3565 | D:3      | Gained mutation: You are covered in thick fur. (AC +2)
                  | [Felid growth]
  3565 | D:3      | Reached XP level 6. HP: 20/26 MP: 7/12
  3853 | D:3      | HP: 1/26 [orc wizard/puff of flame (13)]
  4245 | D:3      | Found an opulent altar of Gozag.
  4821 | D:3      | Found a glowing silver altar of Zin.
  5605 | D:4      | Noticed Dowan
  5790 | D:4      | Noticed Duvessa
  5849 | D:4      | Killed Dowan
  5992 | D:4      | Slain by an ogre
  5993 | D:4      | Reached XP level 5. HP: -1/22 MP: 8/11
  6020 | D:4      | Killed an ogre
  6020 | D:4      | Reached XP level 6. HP: 26/26 MP: 9/12
  6524 | D:4      | Killed Duvessa
  6524 | D:4      | Reached XP level 7. HP: 22/30 MP: 7/14
  6767 | D:5      | Entered Level 5 of the Dungeon
  6767 | D:5      | Found a staircase to the Ecumenical Temple.
  6774 | Temple   | Entered the Ecumenical Temple
  6795 | Temple   | Became a worshipper of Vehumet
  6868 | D:5      | Found a runed translucent door.
  6868 | D:5      | Noticed jombi's ghost (novice DsWz)
  7349 | D:5      | Reached skill level 5 in Air Magic
  7984 | D:5      | Found Cuclech's Food Boutique.
  8083 | D:5      | Found a hazy altar of Hepliaklqana.
  8083 | D:5      | Found a blossoming altar of Fedhas.
  8884 | D:5      | Reached skill level 5 in Stealth
  8884 | D:5      | Reached XP level 8. HP: 32/34 MP: 11/16
  9016 | D:6      | Reached skill level 5 in Spellcasting
  9461 | D:6      | Reached skill level 5 in Dodging
  9475 | D:6      | Reached * piety under Vehumet
  9475 | D:6      | Offered knowledge of Magic Dart by Vehumet.
  9737 | D:6      | Reached skill level 5 in Conjurations
 10239 | D:7      | Found a runed translucent door.
 10245 | D:7      | Found the +10 large shield of Ignorance {rN+ Int-4}
 10289 | D:7      | Found a runed translucent door.
 10296 | D:7      | Noticed an orange crystal statue
 11187 | D:7      | Reached XP level 9. HP: 39/39 MP: 15/18
 11714 | D:7      | Found a bloodstained altar of Trog.
 12029 | D:8      | Noticed a troll
 12099 | D:8      | Offered knowledge of Freeze by Vehumet.
 12207 | D:8      | Reached ** piety under Vehumet
 12328 | D:8      | Killed a troll
 12688 | D:8      | Noticed a +0 dagger
 12689 | D:8      | Noticed a +0 dagger
 12698 | D:8      | Found a hide-covered altar of Uskayaw.
 13910 | D:9      | Reached XP level 10. HP: 28/43 MP: 11/21
 14208 | D:9      | Offered knowledge of Stone Arrow by Vehumet.
 15441 | D:9      | Found a burning altar of Makhleb.
 15577 | D:10     | Entered Level 10 of the Dungeon
 15578 | D:10     | Found a basalt altar of Yredelemnul.
 15653 | D:10     | Reached skill level 5 in Fighting
 16382 | D:10     | Reached *** piety under Vehumet
 16500 | D:10     | Noticed a gargoyle
 16504 | D:10     | Killed a gargoyle
 16822 | D:10     | Noticed Fannar
 16919 | D:10     | Killed Fannar
 16987 | D:10     | Found a staircase to the Lair.
 18102 | D:11     | Offered knowledge of Mephitic Cloud by Vehumet.
 18183 | D:11     | Noticed an unseen horror
 18189 | D:11     | Killed an unseen horror
 18189 | D:11     | Reached XP level 11. HP: 48/48 MP: 5/23
 18414 | D:11     | Noticed an eight-headed hydra
 18419 | D:11     | Killed an eight-headed hydra
 19921 | D:11     | Reached **** piety under Vehumet
 19928 | D:11     | Offered knowledge of Olgreb's Toxic Radiance by Vehumet.
 20404 | Lair:1   | Entered Level 1 of the Lair of Beasts
 21664 | Lair:1   | Noticed a seven-headed hydra
 21767 | Lair:1   | Killed a seven-headed hydra
 22642 | Lair:2   | Noticed a catoblepas
 22883 | Lair:2   | Gained mutation: Your thick and shaggy fur keeps you warm.
                  | (AC +3, rC+) [Felid growth]
 22883 | Lair:2   | Reached XP level 12. HP: 53/53 MP: 14/26
 23374 | Lair:2   | Killed a catoblepas
 23621 | Lair:2   | Found a staircase to the Swamp.
 24154 | Lair:3   | Noticed a five-headed hydra
 24160 | Lair:3   | Killed a five-headed hydra
 24160 | Lair:3   | Reached skill level 10 in Stealth
 25089 | Lair:3   | Reached skill level 1 in Evocations
 25163 | Lair:3   | Found a staircase to the Snake Pit.
 26161 | Lair:4   | Noticed a seven-headed hydra
 26166 | Lair:4   | Killed a seven-headed hydra
 26891 | Lair:4   | Noticed a six-headed hydra
 26896 | Lair:4   | Killed a six-headed hydra
 26896 | Lair:4   | Reached skill level 10 in Air Magic
 27378 | Lair:5   | Noticed a five-headed hydra
 27607 | Lair:5   | Found a runed translucent door.
 27608 | Lair:5   | Found a viscous altar of Jiyva.
 27608 | Lair:5   | Noticed an azure jelly
 27609 | Lair:5   | Found a staircase to the Slime Pits.
 27885 | Lair:5   | Killed a five-headed hydra
 28231 | Lair:5   | Reached skill level 10 in Spellcasting
 28346 | Lair:5   | Noticed Kirke
 28381 | Lair:5   | Killed Kirke
 28381 | Lair:5   | Reached XP level 13. HP: 57/57 MP: 14/28
 28596 | Lair:6   | Entered Level 6 of the Lair of Beasts
 29002 | Lair:5   | Reached skill level 10 in Dodging
 29002 | Lair:5   | Reached skill level 10 in Conjurations
 29408 | Lair:6   | Reached ***** piety under Vehumet
 29518 | Lair:6   | Offered knowledge of Spellforged Servitor by Vehumet.
 33657 | Lair:6   | Got a steaming marble ring
 33870 | Lair:5   | Identified the ring of Music {+Blink rN+ Str+3 Slay+2} (You
                  | found it on level 6 of the Lair of Beasts)
 33876 | Lair:6   | Reached skill level 5 in Evocations
 35020 | Lair:6   | Reached XP level 14. HP: 48/63 MP: 7/30
 37087 | D:12     | Found Bieczi's Weapon Emporium.
 37188 | D:12     | Found Xuxzit's General Store.
 37263 | D:12     | Found a staircase to the Orcish Mines.
 37344 | D:12     | Got a brightly glowing silver ring
 37346 | D:12     | Identified the ring of Kidotua {Dex+5 SInv} (You found it
                  | on level 12 of the Dungeon)
 37637 | D:12     | Learned a level 4 spell: Summon Lightning Spire
 37638 | Orc:1    | Entered Level 1 of the Orcish Mines
 37702 | Orc:1    | Offered knowledge of Ozocubu's Refrigeration by Vehumet.
 38287 | Orc:2    | Entered Level 2 of the Orcish Mines
 38287 | Orc:2    | Found Dilownuv's General Store.
 38287 | Orc:2    | Noticed an orc warlord
 40017 | Orc:1    | Killed an orc warlord
 41814 | Orc:2    | Found Jycutyba's Armour Emporium.
 42143 | Orc:2    | Found Ustramohe's Antique Armour Shop.
 42149 | Orc:2    | Found a staircase to the Elven Halls.
 42167 | Orc:2    | Noticed coffeespoons's ghost (journeyman TrMo)
 42219 | Orc:2    | Found a transporter.
 42226 | Orc:2    | Found a transporter.
 42592 | Orc:2    | Found Hozony's Antique Weapon Emporium.
 43199 | Orc:2    | Found Loiplira's Antique Weapon Shoppe.
 43452 | Orc:2    | Found Hipe's Book Shoppe.
 43537 | Orc:2    | Found an iron altar of Okawaru.
 43537 | Orc:2    | Found Seywa's Gadget Boutique.
 43697 | Orc:2    | Bought a scroll of acquirement for 780 gold pieces
 43701 | Orc:2    | Got a flickering glass ring
 43703 | Orc:2    | Identified the ring "Tyops" {*Drain rPois MR+ Str+8} (You
                  | acquired it on level 2 of the Orcish Mines)
 43803 | Orc:2    | Bought the Handbook of Battle Magic for 932 gold pieces
 43834 | Orc:2    | Bought a scroll of amnesia for 52 gold pieces
 43843 | Orc:2    | Learned a level 7 spell: Orb of Destruction
 44535 | D:13     | Shot with an arrow by a centaur warrior
 44536 | D:13     | Reached XP level 13. HP: -9/60 MP: 13/29
 44555 | D:13     | Shot with an arrow by a centaur warrior
 44556 | D:13     | Reached XP level 12. HP: -4/57 MP: 12/28
 44563 | D:13     | Killed a two-headed ogre
 44855 | D:13     | Noticed a centaur warrior
 45447 | D:13     | Killed a centaur warrior
 45874 | D:13     | Killed a centaur warrior
 45874 | D:13     | Reached XP level 13. HP: 60/60 MP: 13/29
 46016 | D:13     | Found a gate to the Vaults.
 47925 | D:13     | Found a gate to the Vaults.
 49189 | D:13     | Slain by a skeletal warrior

Levels and vault maps discovered:
D:1:      minmay_arrival_jagged, layout_basic
D:2:      layout_loops_ring, lemuel_round_altar
D:3:      layout_basic, grunt_gozag_breadcrumbs, zin_statuary, first_ration
D:4:      layout_basic, uniq_duvessa
D:5:      layout_basic, gammafunk_temple_overflow_wave,
          minmay_temple_entry_purple_smoke, ebering_ghost_reflecting_pool,
          serial_shops, shop
D:6:      layout_loops_ring
D:7:      layout_loops_corners, lemuel_coloured_pillars_altar,
          chequers_guarded_unrand_ignorance
D:8:      layout_loops_ring, dancing_weapons_uskayaw, minmay_chambers_of_fives
D:9:      layout_irregular_city, lightli_temple_of_fire, hangedman_fish_farm
D:10:     layout_basic, lair_entry_dummy, fungi_pond_lemuel,
          yredelemnul_altar_generic, uniq_fannar
D:11:     layout_loops_ring
D:12:     layout_basic, orc_0_dummy, serial_shops, shop, nicolae_shop_trees
D:13:     layout_rooms, erik_vaults_1, drop_trap
D:14:     layout_gridville, serial_bayou_lagoon_a, serial_bayou_pond_c,
          nrook_guardian_serpent_ordinary
Temple:   eino_temple_lava
Lair:1:   layout_cave_pods, chequers_serial_rivers_micro_d, fungi_pond_lemuel
Lair:2:   layout_regular_city, skrybe_swamp_entry_bodies
Lair:3:   layout_hall_layers, minmay_snake_entry_guardpost_medium,
          nicolae_quartered_pool_little
Lair:4:   layout_cave_shapes, bh_autumn_forest_stairs, st_stairs_11
Lair:5:   layout_roguey, slime_altar_2, uniq_kirke
Lair:6:   minmay_lair_end_frog_pond, layout_regular_city,
          portal_ice_cave_demonic_guard, minmay_lair_oklob_chamber
Orc:1:    layout_caves
Orc:2:    grunt_orc_gardens, layout_diamond_mine, grunt_orc_garden,
          grunt_orc_garden, grunt_orc_garden, grunt_orc_garden, serial_shops,
          shop_fountains, shop, nicolae_shop_overgrown_old_shop,
          gammafunk_ghost_arena, okawaru_metal_pillars_1_2

Skill      XL: |  1  2  3  4  5  6  7  8  9 10 11 12 13 14 |
---------------+-------------------------------------------+-----
Conjurations   | 1 2 3 4 5 6 7 8 9 12 11 | 12.1
Air Magic      | 3 4 5 6 7 8 9 12 11 | 12.3
Fighting       | 1 2 3 4 5 6 7 8 9 |  9.3
Spellcasting   | 3 4 5 6 7 9 10 12 | 12.2
Dodging        | 3 4 5 6 7 8 9 10 | 10.2
Stealth        | 4 5 6 7 8 9 10 | 10.0
Evocations     | 3 5 6 |  6.9

Action                   |  1- 3 |  4- 6 |  7- 9 | 10-12 | 13-15 || total
-------------------------+-------+-------+-------+-------+-------++-------
Melee: Unarmed           |    11 |    22 |     1 |     1 |     4 ||    39
       Bite              |       |     2 |       |       |     1 ||     3
 Cast: Shock             |    68 |   173 |   339 |   116 |    40 ||   736
       Airstrike         |       |       |    18 |   399 |   705 ||  1122
       Lightning Bolt    |       |       |     2 |    18 |    13 ||    33
       Orb of Destructio |       |       |       |    10 |    14 ||    24
       Summon Lightning  |       |       |       |       |    21 ||    21
Evoke: Wand              |       |       |       |    15 |    37 ||    52
  Use: Scroll            |       |    11 |     2 |     8 |     5 ||    26
       Potion            |       |       |     1 |       |       ||     1
  Eat: Chunk             |    10 |    13 |    17 |    60 |    60 ||   160
Armor: Skin              |     4 |     5 |     3 |     1 |    10 ||    23
Dodge: Dodged            |    22 |    48 |    82 |   118 |   234 ||   504
